 Dungeon Crawl Stone Soup version 0.31-a0-1570-g93c622d222 (webtiles) character file.

Game seed: 10581464668934380880

2576 freelancePsychic the Trooper (level 9, -6/105 HPs)
             Began as a Djinni Shapeshifter on Jan 3, 2024.
             Was a Priest of Cheibriados.
             Mangled by a wyvern (7 damage)
             ... on level 8 of the Dungeon.
             The game lasted 00:11:09 (6528 turns).

freelancePsychic the Trooper (Djinni Shapeshifter)  Turns: 6528, Time: 00:11:09

Health: -6/105     AC: 24    Str: 19    XL:     9   Next: 88%
Gold:   363        EV:  2    Int: 35    God:    Cheibriados [***...] SH:  0 Dex: 20

rFire   . . .        a - +4 dagger of a Labyrinth {freeze, *Slow rCorr Int+8}
rCold   . . .        (no shield)
rNeg    . . .        r - melded +0 animal skin
rPois   ∞            e - melded +0 helmet
rElec   .            z - melded +0 cloak
rCorr   +            (gloves currently unavailable)
SInv    .            (boots unavailable)
Will    .....        (no amulet)
Stlth   +++          u - +6 ring of intelligence
HPRegen 0.37/turn    s - +5 ring of evasion
MPRegen 0.00/turn

%: slow self (1%), infuse magic (-7 HP)
@: tree-form, weak-willed, slowed, very slow
A: stationary, stasis, torment immunity, boosted hp, sickness immunity, (fire
resistance 2), (cold vulnerability 1), float, innate caster, HP casting, extra
vitality 1
a: Renounce Religion, Bend Time, Temporal Distortion


You were on level 8 of the Dungeon.
You worshipped Cheibriados.
Cheibriados was most pleased with you.
You were a tree.
You visited 2 branches of the dungeon, and saw 9 of its levels.

You collected 363 gold pieces.

Inventory:

Hand Weapons
 a - the +4 dagger of a Labyrinth (weapon) {freeze, *Slow rCorr Int+8}
   (You found it on level 3 of the Dungeon)

   Int+8:     It affects your intelligence (+8).
   rCorr:     It protects you from acid and corrosion.
   *Slow:     It may slow you when you take damage.
 D - a +4 dagger
Missiles
 w - 2 curare-tipped darts
 y - a throwing net
Armour
 e - a +0 helmet (melded)
 r - a +0 animal skin (melded)
 z - a +0 cloak (melded)
Magical Staves
 m - a staff of air
Jewellery
 g - a ring of see invisible
 s - a +5 ring of evasion (right branch)
 u - a +6 ring of intelligence (left branch)
Talismans
 c - a beast talisman
 d - a flux talisman
Wands
 v - a wand of flame (27)
 x - a wand of iceblast (8)
 I - a wand of digging (7)
 J - a wand of polymorph (6)
Scrolls
 h - a scroll of acquirement {unknown}
 i - a scroll of silence {unknown}
 j - a scroll of noise {unknown}
 k - a scroll of revelation
 l - 4 scrolls of fear {unknown}
 n - 3 scrolls of vulnerability {unknown}
 o - 3 scrolls of enchant weapon {unknown}
 p - a scroll of immolation {unknown}
 t - 2 scrolls of blinking {unknown}
 A - a scroll of fog
 F - a scroll of poison {unknown}
Potions
 b - a potion of lignification
 f - 2 potions of brilliance
 q - 2 potions of degeneration {unknown}
 B - a potion of might {unknown}
 E - a potion of enlightenment
 G - a potion of attraction {unknown}
 H - a potion of mutation {unknown}


   Skills:
 + Level 7.9 Fighting
 + Level 4.1 Short Blades
 - Level 2.1 Dodging
 - Level 3.6 Stealth
 - Level 3.0 Unarmed Combat
 + Level 5.8 Spellcasting
 + Level 5.8 Conjurations
 + Level 5.8 Hexes
   Level 0.0 Charms
 + Level 5.8 Summonings
 + Level 5.8 Necromancy
 + Level 5.8 Translocations
   Level 0.0 Transmutations
 + Level 5.8 Fire Magic
 + Level 5.8 Ice Magic
 + Level 5.8 Air Magic
 + Level 5.8 Earth Magic
 + Level 5.8 Alchemy
 - Level 2.6 Shapeshifting


You knew the following spells:

 Your Spells              Type           Power      Damage    Failure   Level
a - Freeze                Ice            100%       1d10      1%          1
b - Ensorcelled Hibernat  Hex/Ice        100%       N/A       1%          2
c - Jinxbite              Hex            100%       N/A       1%          2
d - Ignite Poison         Fire/Alch      51%        N/A       3%          4
Your spell library was empty.

Dungeon Overview and Level Annotations

Branches:
Dungeon (8/15)             Temple (1/1) D:5
   Lair: D:8-11

Altars:
Ashenzari
Cheibriados
Dithmenos
Elyvilon
Fedhas
Hepliaklqana
Makhleb
Qazlal
Ru
Trog
Wu Jian
Xom
Yredelemnul
Zin

Annotations:
D:7 exclusion: ice beast


Innate Abilities, Weirdness & Mutations

You are a tree.
Your roots penetrate the ground, keeping you stationary.
You cannot be teleported.
You are immune to unholy pain and torment.
Your maximum health is greatly increased.
Your equipment is partially melded.
You are immune to sickness and miasma.
You are immune to poison.
((Your flesh is very heat resistant. (rF++)))
((You are vulnerable to cold. (rC-)))
You float through the air rather than walking.
You learn spells naturally, not from books.
Your magical power is your life essence.
You have superior vitality. (+4 MHP)


Message History

The wyvern bites you. The killer bee stings you.
You closely miss the wyvern.
The wyvern is moderately wounded.
The killer bee misses you. The wyvern bites you!
The killer bee stings you but does no damage.
The wyvern bites you!
* * * LOW HITPOINT WARNING * * *
Okay, then.
You turn into a tree.
Your +0 cloak melds into your body.
Your +0 helmet melds into your body.
Your +0 animal skin melds into your body.
Your roots penetrate the ground.
The killer bee seems less drained.
The killer bee stings you but does no damage. x2
The wyvern bites you.
* * * LOW HITPOINT WARNING * * *
The wyvern bites you.
* * * LOW HITPOINT WARNING * * *
The killer bee stings you but does no damage.
You feel better.
The killer bee stings you but does no damage.
The wyvern bites you.
* * * LOW HITPOINT WARNING * * *
The killer bee stings you but does no damage.
The wyvern bites you but does no damage.
The killer bee stings you.
* * * LOW HITPOINT WARNING * * *
You hit the wyvern. You freeze the wyvern.
The wyvern is heavily wounded.
The killer bee stings you but does no damage.
The wyvern bites you.
* * * LOW HITPOINT WARNING * * *
The killer bee stings you but does no damage.
The wyvern bites you but does no damage.
You hit the wyvern but do no damage.
The wyvern is heavily wounded.
The killer bee stings you but does no damage. x2
The wyvern bites you.
* * * LOW HITPOINT WARNING * * *
The wyvern bites you!
You die...

...........#
...........#
..........####
..#....†....#########
#..................
#...........#######
#.........#.####
##k####...))†<)###. .
#♣# ##.#.###..... ...
##y# #......#####
.....##yy# ##...#...#
......yy## ###..##.#
......y## #.# ...
...y#.. #.. ...
...y... ##.. ..y
....... .y ......# ..


You could see a wyvern and 6 killer bees.

Vanquished Creatures
  Sigmund (D:3)
  Eustachio (D:5)
  2 ogres
  A centaur (D:8)
  3 phantoms
  3 bullfrogs
  A gnoll sergeant (D:7)
  3 scorpions
  7 killer bees
  5 howler monkeys
  3 jellies
  4 orc priests
  2 sleepcaps
  A bombardier beetle (D:5)
  3 hounds
  3 iguanas
  6 orc wizards
  Robin (D:4)
  5 adders
  7 gnolls
  2 shadow imps
  A white imp (D:6)
  4 ufetubi
  2 dart slugs (D:3)
  2 ribbon worms
  16 orcs
  6 endoplasms
  3 giant cockroaches
  10 goblins
  10 hobgoblins
  2 jackals (D:1)
  A kobold (D:4)
  3 quokkas
  3 ball pythons
  6 bats
  5 frilled lizards
  7 rats
145 creatures vanquished.

Notes
Turn   | Place    | Note
-------+----------+-------------------------------------------
     0 | D:1      | freelancePsychic the Djinni Shapeshifter began the quest
                  | for the Orb.
     0 | D:1      | Reached XP level 1. HP: 17/17 MP: 0/0
   269 | D:1      | Reached XP level 2. HP: 16/22 MP: 0/0
   462 | D:1      | Reached skill level 1 in Spellcasting
   462 | D:1      | Reached skill level 1 in Conjurations
   462 | D:1      | Reached skill level 1 in Hexes
   462 | D:1      | Reached skill level 1 in Summonings
   462 | D:1      | Reached skill level 1 in Necromancy
   462 | D:1      | Reached skill level 1 in Translocations
   462 | D:1      | Reached skill level 1 in Fire Magic
   462 | D:1      | Reached skill level 1 in Ice Magic
   462 | D:1      | Reached skill level 1 in Air Magic
   462 | D:1      | Reached skill level 1 in Earth Magic
   462 | D:1      | Reached skill level 1 in Alchemy
   703 | D:2      | Reached skill level 2 in Fighting
   703 | D:2      | Reached XP level 3. HP: 28/28 MP: 0/0
   703 | D:2      | Learned a level 1 spell: Freeze
  1651 | D:3      | Found a glowing silver altar of Zin.
  1654 | D:3      | Found a stormy altar of Qazlal.
  1683 | D:3      | Identified the +4 dagger of a Labyrinth {freeze, *Slow
                  | rCorr Int+8}
  1693 | D:3      | Reached XP level 4. HP: 29/34 MP: 0/0
  2038 | D:3      | Noticed Sigmund
  2050 | D:3      | Killed Sigmund
  2051 | D:3      | Reached skill level 4 in Fighting
  2051 | D:3      | Reached XP level 5. HP: 35/41 MP: 0/0
  2051 | D:3      | Learned a level 2 spell: Ensorcelled Hibernation
  2051 | D:3      | Reached XP level 6. HP: 40/47 MP: 0/0
  2590 | D:4      | Noticed Robin
  2611 | D:4      | Killed Robin
  2856 | D:4      | Noticed an ogre
  2865 | D:4      | Killed an ogre
  2866 | D:4      | Reached XP level 7. HP: 52/53 MP: 0/0
  2866 | D:4      | Learned a level 2 spell: Jinxbite
  2880 | D:4      | Reached skill level 1 in Stealth
  3098 | D:4      | Found a shadowy altar of Dithmenos.
  3136 | D:4      | Reached skill level 5 in Fighting
  3375 | D:5      | Entered Level 5 of the Dungeon
  3380 | D:5      | Found a staircase to the Ecumenical Temple.
  3400 | Temple   | Entered the Ecumenical Temple
  3407 | Temple   | Became a worshipper of Cheibriados the Contemplative
  3558 | D:5      | Reached XP level 8. HP: 24/60 MP: 0/0
  3690 | D:5      | Noticed Eustachio
  3976 | D:5      | Found a shimmering altar of Xom.
  4026 | D:5      | Killed Eustachio
  4027 | D:5      | Reached skill level 6 in Fighting
  4142 | D:5      | Reached * piety under Cheibriados
  4318 | D:6      | Identified the +6 trident "Foboch" {speed, rPois MP+9 Str+3
                  | Dex+2}
  4416 | D:6      | Reached skill level 1 in Short Blades
  4501 | D:6      | Reached XP level 9. HP: 67/67 MP: 0/0
  4501 | D:6      | Learned a level 4 spell: Ignite Poison
  4532 | D:6      | Reached skill level 5 in Spellcasting
  4532 | D:6      | Reached skill level 5 in Conjurations
  4532 | D:6      | Reached skill level 5 in Hexes
  4532 | D:6      | Reached skill level 5 in Summonings
  4532 | D:6      | Reached skill level 5 in Necromancy
  4532 | D:6      | Reached skill level 5 in Translocations
  4532 | D:6      | Reached skill level 5 in Fire Magic
  4532 | D:6      | Reached skill level 5 in Ice Magic
  4532 | D:6      | Reached skill level 5 in Air Magic
  4532 | D:6      | Reached skill level 5 in Earth Magic
  4532 | D:6      | Reached skill level 5 in Alchemy
  5124 | D:7      | Reached skill level 7 in Fighting
  5128 | D:7      | Reached ** piety under Cheibriados
  6492 | D:8      | Reached *** piety under Cheibriados
  6527 | D:8      | HP: 5/105 [wyvern (5)]
  6528 | D:8      | HP: 1/105 [wyvern (5)]
  6528 | D:8      | Mangled by a wyvern

Illustrated notes

Levels and vault maps discovered:
D:1:      heliophobic_arrival_glass_houses, layout_basic
D:2:      layout_loops_ring
D:3:      layout_basic, nicolae_overflow_hidden_temple, uniq_sigmund
D:4:      layout_basic, mainiacjoe_overflow_six_doors_small, uniq_robin
D:5:      layout_rooms, mainiacjoe_overflow_concentric_impassable,
          minmay_temple_entry_overgrown, uniq_eustachio
D:6:      layout_basic
D:7:      layout_gridville, minivault_23
D:8:      layout_rooms, gammafunk_temple_overflow_statue, grunt_ministairs_9
Temple:   hellmonk_temple_two_chambers

Skill      XL: |  1  2  3  4  5  6  7  8  9 |
---------------+----------------------------+-----
Spellcasting   | 1 2 3 4 5 |  5.8
Conjurations   | 1 2 3 4 5 |  5.8
Hexes          | 1 2 3 4 5 |  5.8
Summonings     | 1 2 3 4 5 |  5.8
Necromancy     | 1 2 3 4 5 |  5.8
Translocations | 1 2 3 4 5 |  5.8
Fire Magic     | 1 2 3 4 5 |  5.8
Ice Magic      | 1 2 3 4 5 |  5.8
Air Magic      | 1 2 3 4 5 |  5.8
Earth Magic    | 1 2 3 4 5 |  5.8
Alchemy        | 1 2 3 4 5 |  5.8
Fighting       | 2 4 5 6 7 |  7.9
Stealth        | 2 3 |  3.6
Short Blades   | 1 4 |  4.1
Dodging        | |  2.1
Unarmed Combat | |  3.0
Shapeshifting  | |  2.6

Action                     |  1- 3 |  4- 6 |  7- 9 || total
---------------------------+-------+-------+-------++-------
  Melee: Unarmed           |    54 |       |       ||    54
         Punch             |     1 |       |     9 ||    10
         Dagger            |       |    45 |   258 ||   303
  Throw: Dart              |       |     3 |       ||     3
   Cast: Freeze            |    34 |    26 |     5 ||    65
         Jinxbite          |       |       |    38 ||    38
         Ignite Poison     |       |       |     1 ||     1
  Evoke: Wand              |       |    10 |     8 ||    18
    Use: Scroll            |     2 |     2 |     3 ||     7
         Potion            |       |     3 |     5 ||     8
   Stab: Sleeping          |       |       |     6 ||     6
 Armour: Animal skin       |    38 |    35 |   154 ||   227
         Skin              |       |       |    35 ||    35
  Dodge: Dodged            |    40 |    36 |   309 ||   385
         Form:             |       |       |     1 ||     1
         Beast             |       |       |     1 ||     1

Table legend: (Time is in decaauts)
 A = Elapsed time spent in this place.
 B = Non-inter-level travel time spent in this place.
 C = Inter-level travel time spent in this place.
 D = Time resting spent in this place.
 E = Time spent auto-exploring this place.
 F = Levels seen in this place.
 G = Mean time per level.
                   A        B        C        D        E       F      G
               +--------+--------+--------+--------+--------+-----+--------+
         Total |   7161 |   6860 |    301 |    446 |   5292 |   9 |  795.7 |
       Dungeon |   7146 |   6853 |    293 |    446 |   5292 |   8 |  893.2 |
        Temple |     15 |      8 |      7 |      0 |      0 |   1 |   15.0 |
               +--------+--------+--------+--------+--------+-----+--------+

Top non-repeatable levels by time:
     D:7: 1655 daAuts
     D:3: 1110 daAuts
     D:4: 1086 daAuts
     D:6: 990 daAuts
     D:5: 773 daAuts
     D:2: 687 daAuts
     D:1: 683 daAuts
     D:8: 157 daAuts
  Temple: 15 daAuts
